Map: Abiogenesis LE

Players

Rogue - Winner!

  • Race: Zerg Zerg
  • Spawn Location: 5:00

Classic

  • Race: Protoss Protoss
  • Spawn Location: 11:00

Event: IEM Season 12 - Katowice

VOD

Have the link to the VOD?

Description

Time

  • Played on: March 4, 2018, 8:31 a.m.
  • Length: 11:34

All games in this series

Show
View Real Time Build Order
Export as new Build Order

Rogue Zerg - Winner!

Build Orders: Pool First 

Get SALT Encoding   

  12  0:00  Drone  
  13  0:12  Overlord  
  13  0:16  Drone  
  14  0:30  Drone x2  
  14  0:34  Drone  
  17  0:44  Extractor  
  17  0:45  Drone  
  17  0:51  Spawning Pool  
  17  0:55  Drone  
  17  1:06  Drone  
  18  1:19  Hatchery  
  18  1:24  Drone  
  18  1:38  Queen, Zergling x2  
  21  1:41  Zergling x2  
  22  1:48  Metabolic Boost  
  22  2:00  Roach Warren  
  21  2:06  Overlord  
  21  2:15  Overlord  
  21  2:40  Roach x4  
  31  2:44  Roach  
  31  2:48  Roach  
  33  2:52  Roach  
  34  3:00  Zergling x4  
  34  3:04  Zergling x2  
  36  3:07  Zergling x2  
  36  3:11  Zergling x2  
  38  3:18  Zergling x2  
  39  3:23  Overlord  
  39  3:27  Ravager  
  39  3:29  Zergling x2  
  39  3:32  Zergling x2  
  42  3:36  Zergling x2  
  42  3:40  Zergling x2  
  44  3:47  Zergling x2  
  38  3:53  Zergling x4  
  38  3:54  Zergling x2  
  37  4:01  Zergling x2  
  38  4:05  Zergling x4  
  38  4:09  Zergling x2  
  35  4:13  Ravager x2  
  37  4:17  Drone  
  37  4:23  Drone  
  36  4:27  Drone  
  36  4:28  Drone  
  34  4:36  Drone  
  34  4:37  Drone  
  33  4:43  Drone x2  
  33  4:45  Drone  
  34  4:47  Drone  
  33  4:55  Spore Crawler  
  32  5:01  Queen  
  33  5:09  Queen  
  33  5:13  Spore Crawler  
  33  5:18  Spore Crawler  
  33  5:19  Drone  
  33  5:23  Drone x2  
  35  5:28  Drone x2  
  35  5:30  Spore Crawler  
  36  5:37  Queen  
  36  5:41  Spore Crawler  
  37  5:43  Drone x2  
  37  5:49  Queen  
  40  5:56  Drone x3  
  43  5:59  Drone  
  43  6:03  Overlord  
  44  6:10  Spore Crawler  
  43  6:13  Spore Crawler  
  42  6:19  Queen  
  42  6:23  Drone  
  42  6:25  Drone  
  39  6:26  Drone  
  39  6:27  Drone  
  39  6:31  Drone x2  
  41  6:33  Drone  
  42  6:43  Drone  
  42  6:44  Drone x2  
  45  6:51  Queen  
  47  6:59  Hatchery  
  46  7:02  Queen  
  46  7:05  Overlord  
  48  7:11  Spore Crawler  
  48  7:12  Drone x2  
  48  7:14  Drone  
  48  7:25  Drone x5  
  51  7:31  Queen  
  53  7:37  Queen  
  53  7:38  Zergling x2  
  53  7:39  Zergling x6  
  59  7:48  Overlord  
  59  7:50  Drone  
  60  7:58  Spore Crawler  
  56  8:07  Queen  
  56  8:12  Queen  
  60  8:13  Queen  
  60  8:14  Zergling x12  
  60  8:18  Drone  
  60  8:19  Drone x3  
  72  8:23  Overlord  
  72  8:26  Drone  
  72  8:31  Drone  
  72  8:33  Drone  
  73  8:34  Overlord  
  73  8:40  Extractor  
  72  8:43  Queen  
  72  8:44  Overlord  
  72  8:48  Spore Crawler, Zergling x14  
  79  8:56  Zergling x2  
  79  8:57  Zergling x4  
  79  9:01  Queen  
  82  9:06  Queen  
  83  9:11  Overlord  
  83  9:22  Roach  
  83  9:23  Roach x4, Overlord  
  91  9:26  Queen  
  91  9:33  Roach x5  
  91  9:35  Overlord  
  91  9:37  Overlord  
  101  9:38  Roach  
  101  9:39  Roach  
  105  9:46  Roach x3  
  105  9:49  Overlord  
  111  9:57  Ravager x3  
  114  10:00  Extractor, Zergling x8  
  114  10:02  Queen  
  117  10:07  Zergling x4  
  117  10:09  Ravager  
  117  10:12  Zergling x6  
  117  10:13  Zergling x2  
  124  10:18  Zergling x10  
  129  10:21  Zergling x2  
  129  10:26  Ravager x2  
  132  10:29  Zergling x6  
  131  10:37  Zergling x2  
  131  10:41  Zergling x4  
  127  10:45  Ravager x2  
  120  10:51  Zergling x16  
  116  10:59  Zergling x2  
  116  11:03  Zergling x2  
  108  11:06  Zergling x2  
  108  11:10  Zergling x2  
  104  11:12  Zergling x2  
  104  11:15  Zergling x2  
  100  11:18  Hatchery  
Show
View Real Time Build Order
Export as new Build Order

Classic Protoss 

Build Orders: 1 Gate Expand, Proxy Void Ray 

Get SALT Encoding   

  12  0:00  Probe  
  13  0:12  Probe  
  14  0:19  Pylon  
  14  0:24  Probe  
  15  0:37  Probe (Chrono Boost)  
  15  0:42  Gateway  
  16  0:46  Probe (Chrono Boost)  
  16  0:48  Assimilator  
  17  0:51  Probe (Chrono Boost)  
  18  1:03  Probe  
  19  1:06  Pylon  
  19  1:15  Probe  
  20  1:28  Nexus  
  20  1:38  Cybernetics Core  
  20  1:41  Probe  
  20  1:47  Assimilator  
  21  1:54  Probe  
  22  1:58  Pylon  
  22  2:06  Probe  
  23  2:14  Adept (Chrono Boost)  
  23  2:16  Stargate  
  23  2:20  Probe  
  26  2:26  Warp Gate  
  26  2:32  Probe  
  26  2:33  Adept  
  29  2:40  Probe  
  31  2:44  Probe  
  31  2:56  Shield Battery  
  31  2:58  Void Ray (Chrono Boost)  
  35  3:07  Probe x2  
  35  3:10  Adept  
  41  3:22  Pylon  
  41  3:30  Void Ray (Chrono Boost)  
  43  3:35  Shield Battery  
  43  3:38  Shield Battery  
  41  3:52  Adept (Chrono Boost)  
  41  3:59  Shield Battery  
  34  4:04  Oracle (Chrono Boost)  
  34  4:06  Probe  
  31  4:31  Adept  
  33  4:39  Probe (Chrono Boost)  
  33  4:42  Probe (Chrono Boost)  
  35  4:52  Probe (Chrono Boost)  
  37  4:55  Probe (Chrono Boost)  
  37  4:57  Adept  
  37  4:58  Probe (Chrono Boost)  
  38  5:03  Probe  
  40  5:10  Probe  
  41  5:15  Probe, Oracle (Chrono Boost)  
  45  5:22  Probe  
  45  5:25  Pylon  
  45  5:27  Probe  
  47  5:34  Assimilator  
  47  5:35  Assimilator  
  47  5:36  Probe  
  47  5:39  Probe  
  49  5:43  Oracle (Chrono Boost)  
  49  5:48  Probe  
  53  5:52  Probe  
  53  5:55  Pylon  
  54  6:00  Probe  
  55  6:04  Probe  
  53  6:14  Probe  
  53  6:16  Probe  
  55  6:19  Stargate  
  55  6:22  Oracle (Chrono Boost)  
  58  6:26  Probe  
  58  6:28  Probe  
  60  6:38  Probe  
  61  6:40  Probe  
  61  6:43  Pylon  
  61  6:45  Pylon  
  62  6:50  Probe  
  62  6:53  Probe, Gateway  
  64  6:59  Oracle (Chrono Boost)  
  64  7:00  Oracle (Chrono Boost)  
  70  7:08  Robotics Facility  
  70  7:10  Sentry  
  65  7:26  Probe x2  
  64  7:31  Gateway  
  64  7:34  Oracle x2 (Chrono Boost)  
  64  7:35  Gateway  
  70  7:58  Nexus  
  70  8:12  Immortal (Chrono Boost)  
  70  8:14  Oracle (Chrono Boost)  
  70  8:15  Probe x2  
  70  8:16  Pylon  
  78  8:23  Oracle (Chrono Boost)  
  78  8:26  Zealot x2  
  80  8:31  Zealot  
  80  8:37  Pylon  
  80  8:40  Probe x2  
  82  8:46  Twilight Council  
  82  8:48  Immortal (Chrono Boost)  
  82  8:49  Forge  
  82  8:55  Zealot  
  88  8:56  Adept  
  88  9:01  Sentry x2  
  91  9:13  Probe x3  
  91  9:16  Immortal (Chrono Boost)  
  95  9:29  Charge (Chrono Boost)  
  95  9:30  Probe x3  
  98  9:32  Protoss Ground Weapons Level 1  
  98  9:38  Gateway x2  
  98  9:43  Probe x3  
  98  9:45  Templar Archives  
  101  9:52  Gateway  
  101  9:53  Gateway  
  101  9:54  Warp Prism (Chrono Boost)  
  103  10:05  Probe x3  
  106  10:10  Photon Cannon  
  106  10:11  Pylon  
  106  10:13  Pylon  
  106  10:21  Zealot  
  106  10:22  Zealot x3  
  114  10:30  Immortal  
  111  10:43  High Templar x4  
  111  10:44  Zealot x2  
  111  10:47  Archon x2  
  86  11:10  Zealot x2  
  82  11:17  Zealot x3  

Tags
 
Add a new tag
Caveats
  • Supply blocks, unpowered buildings, or Contaminate may cause inaccurate times.
  • Supply counts are checked every 10 seconds.